 Dungeon Crawl Stone Soup version 0.32-a0-913-g739538afd8 (webtiles) character file.

Game seed: 18281207265947416370

64 porpoise the Vexing (level 3, -2/24 HPs)
             Began as a Demonspawn Enchanter on Apr 10, 2024.
             Killed from afar by Sigmund (8 damage)
             ... with a magic dart
             ... on level 3 of the Dungeon.
             The game lasted 00:05:55 (1610 turns).

porpoise the Vexing (Demonspawn Enchanter)          Turns: 1610, Time: 00:05:55

Health: -2/24      AC:  2    Str:  8    XL:     3   Next: 91%
Magic:  6/6        EV: 11    Int: 17    God:
Gold:   56         SH:  0    Dex: 13    Spells: 2/7 levels left

rFire   . . .        a - +1 dagger
rCold   . . .        (no shield)
rNeg    . . .        s - +0 robe
rPois   .            (no helmet)
rElec   .            (no cloak)
rCorr   .            (no gloves)
SInv    .            (no boots)
Will    .....        (no amulet)
Stlth   ++           (no ring)
HPRegen 0.24/turn    (no ring)
MPRegen 0.10/turn

%: no passive effects
@: no status effects
A: weakness stinger 2
a: no special abilities


You were on level 3 of the Dungeon.
You visited 1 branch of the dungeon, and saw 3 of its levels.

You collected 56 gold pieces.

Inventory:

Hand Weapons
 a - a +1 dagger (weapon)
 b - a +0 sling
Missiles
 o - 6 boomerangs (quivered)
 t - 5 poisoned darts
Armour
 s - a +0 robe (worn)
Magical Staves
 i - a staff of conjuration
Scrolls
 d - a scroll of vulnerability {unknown}
 e - 2 scrolls of revelation {unknown}
 l - a scroll of teleportation {unknown}
 n - 2 scrolls of enchant armour {unknown}
 p - a scroll of poison {unknown}
 q - a scroll of enchant weapon {unknown}
Potions
 c - 2 potions of invisibility
 f - a potion of brilliance {unknown}
 g - a potion of mutation {unknown}
 h - a potion of haste {unknown}
 j - a potion of heal wounds {unknown}
 k - 2 potions of curing {unknown}
 m - a potion of might {unknown}
 r - a potion of enlightenment {unknown}


   Skills:
 + Level 1.7 Short Blades
 - Level 1.7 Dodging
 + Level 3.2 Stealth
 + Level 2.5 Spellcasting
 + Level 3.5 Hexes
 + Level 0.3 Ice Magic


You had 2 spell levels left.
You knew the following spells:

 Your Spells              Type           Power      Damage    Failure   Level
a - Confusing Touch       Hex            14%        N/A       13%         3
e - Ensorcelled Hibernat  Hex/Ice        16%        N/A       12%         2

Your spell library contained the following spells:

 Spells                   Type           Power      Damage    Failure   Level
 Tukima's Dance           Hex            14%        N/A       13%         3
 Dazzling Flash           Conj/Hex       16%        N/A       26%         3


Dungeon Overview and Level Annotations

Branches:
Dungeon (3/15)

Altars:

Shops:
D:1 :

Annotations:
D:3 Sigmund


Innate Abilities, Weirdness & Mutations

You have a tail ending in a sharp stinger.


Message History

Sigmund barely misses you. The frilled lizard bites you.
Sigmund says, "Your kind have come here before.
I understand now why.
You desire death..."
Sigmund misses you.
You see here 5 poisoned darts.
You bump into the rock wall.
The frilled lizard bites you but does no damage.
You bump into the rock wall.
Sigmund closely misses you.
The frilled lizard bites you but does no damage.
You bump into the rock wall.
Sigmund hits you from afar with a +0 scythe!
The frilled lizard barely misses you.
You bump into the rock wall.
The frilled lizard closely misses you.
You miss the frilled lizard. Sigmund hits you but does no damage.
The frilled lizard misses you.
You bump into the rock wall.
Sigmund barely misses you. The frilled lizard bites you.
You hit the frilled lizard.
You kill the frilled lizard!
You feel less confused. Sigmund attacks as he pursues you!
Sigmund barely misses you. Sigmund hits you but does no damage.
You see here 5 poisoned darts.
You hit Sigmund but do no damage.
Sigmund is severely wounded.
You closely miss Sigmund.
Sigmund is severely wounded.
Sigmund hits you with a +0 scythe!
* * * LOW HITPOINT WARNING * * *
You hit Sigmund.
Sigmund is severely wounded.
You hit Sigmund.
Sigmund is almost dead.
Sigmund's eyes start glowing with a red light.
Sigmund barely misses you.
You closely miss Sigmund.
Sigmund is almost dead.
Sigmund casts a spell at you. The magic dart hits you!
You die...
Sigmund begins carving another notch in his scythe.

#.#..<##.## .#
#.......#.####.#
#.......##(....#
#.......#....###
#........###.#
........### #.#
.####...## #.#
...#######.#######.#
##..........@@.......
##########.####.# .#
.# .# .. ##


You could see Sigmund.

Vanquished Creatures
  A gnoll (D:1)
  An adder (D:2)
  A dart slug (D:1)
  2 endoplasms
  6 goblins
  4 hobgoblins (D:1)
  4 jackals (D:2)
  2 quokkas
  4 ball pythons (D:1)
  9 bats
  5 frilled lizards
  A kobold (D:1)
  A rat (D:1)
41 creatures vanquished.

Notes
Turn   | Place    | Note
-------+----------+-------------------------------------------
     0 | D:1      | porpoise the Demonspawn Enchanter began the quest for the
                  | Orb.
     0 | D:1      | Reached XP level 1. HP: 13/13 MP: 3/3
    73 | D:1      | Reached skill level 1 in Short Blades
   149 | D:1      | Discovered your monstrous ancestry.
   149 | D:1      | Gained mutation: You have a small tail. [demonic ancestry]
   149 | D:1      | Reached XP level 2. HP: 16/19 MP: 5/5
   394 | D:1      | Learned a level 2 spell: Ensorcelled Hibernation
   714 | D:1      | Found Rohuq's Book Shoppe.
   791 | D:1      | Gained mutation: You have a tail ending in a sharp stinger.
                  | [demonic ancestry]
   791 | D:1      | Reached XP level 3. HP: 24/24 MP: 3/6
   824 | D:1      | Learned a level 3 spell: Confusing Touch
  1586 | D:3      | Noticed Sigmund
  1610 | D:3      | Killed from afar by Sigmund

Illustrated notes

Levels and vault maps discovered:
D:1:      zaba_arrival_water, layout_basic, serial_shops, shop
D:2:      layout_rooms
D:3:      layout_loops_ring, nicolae_yredelemnul_corpse_copse, uniq_sigmund,
          uniq_jessica, uniq_robin

Skill      XL: |  1  2 |
---------------+-------+-----
Short Blades   | 1 |  1.7
Stealth        | 3 |  3.2
Dodging        | |  1.7
Spellcasting   | |  2.5
Hexes          | |  3.5
Ice Magic      | |  0.3

Action                     || total
---------------------------++-------
  Melee: Dagger            ||   146
         Tailslap          ||    15
   Cast: Ensorcelled Hiber ||     5
   Stab: Sleeping          ||    10
 Armour: Robe              ||    73
  Dodge: Dodged            ||   105

Table legend: (Time is in decaauts)
 A = Elapsed time spent in this place.
 B = Non-inter-level travel time spent in this place.
 C = Inter-level travel time spent in this place.
 D = Time resting spent in this place.
 E = Time spent auto-exploring this place.
 F = Levels seen in this place.
 G = Mean time per level.
                   A        B        C        D        E       F      G
               +--------+--------+--------+--------+--------+-----+--------+
         Total |   1605 |   1501 |    104 |    148 |   1010 |   3 |  535.0 |
       Dungeon |   1605 |   1501 |    104 |    148 |   1010 |   3 |  535.0 |
               +--------+--------+--------+--------+--------+-----+--------+

Top non-repeatable levels by time:
     D:1: 1074 daAuts
     D:2: 495 daAuts
     D:3: 35 daAuts
